ElectroGuy, chaotic male human Rogue ------- |.....------ |....@...... * --------- |.---fu...--- --..--..)-- |.| --<.....| ) |.........| |.| --....... ) --.........| |.| |....... [ |....^....-- |.| --.....- ( --......).| |.| |....--- ( |.....--.---|.|-----......| --- --.----|...||.|.^--..).--.--- --.-- ! --- ---%--......%----|...| |...| |.)..|....-| ---.------...| $ $ $ |....----..----- |...||...--- $ |.).([| --...^.| ---.--.--- |..)).-- --...-- |..[)| ----..)| |..-- --..-- $ * --.)| ---- --.| ---- --- ElectroGuy the Rogue Experience level: 7 Strength: 17 Dexterity: 18 Constitution: 11 Intelligence: 12 Wisdom: 9 Charisma: 9 Health: 0(44) Energy: 30(30) Def: 6 Gold: 1252 Moves: 4950 Dungeon seed: LB3Ip4kZMBv4UG-3 Game ID: ElectroGuy_1577400652 Your Inventory: Coins $ - 1252 gold pieces Weapons c - 14 rusty +0 daggers (wielded) v - 6 +0 daggers (in quiver) x - 5 cursed -1 daggers Armor n - a cursed -1 elven mithril-coat (being worn) q - an uncursed +0 pair of iron shoes (being worn) N - an uncursed +0 dwarvish cloak (being worn) Comestibles s - 2 uncursed food rations Scrolls H - an uncursed scroll of blank paper Wands J - a wand of striking (0:0) Tools d - an uncursed lock pick f - an uncursed sack p - an uncursed brass lantern (1:0) G - a tinning kit (0:89) Gems e - an uncursed worthless piece of black glass r - an uncursed worthless piece of white glass y - an uncursed worthless piece of green glass Contents of the sack: an uncursed scroll of blank paper an uncursed spellbook of force bolt 2 uncursed tallow candles (0:200) an uncursed wax candle (0:400) an uncursed sapphire an uncursed worthless piece of black glass an uncursed worthless piece of yellowish brown glass Spells and supernatural/magical abilities: Name Level Category Fail Memory a - force bolt 1 attack 100% 80% W - pray for help -- divine ? -- Your skills at the end: Fighting Skills Weapon Skills dagger [Skilled] short sword [Basic] Spellcasting Skills Final Attributes: You were piously aligned. You were telepathic. You were stealthy. You are dead. Vanquished creatures: a small mimic an ettin zombie a giant spider a gnome king 2 dingos a dwarf lord an imp a mountain nymph a rock mole a fog cloud a yellow light a shrieker a violet fungus 5 gnome lords a gnomish wizard a kobold mummy a paper golem a giant ant a floating eye 6 dwarves a rabid rat a centipede a giant bat a dwarf zombie a werejackal 2 iguanas 3 hobbits a large kobold 7 giant rats 6 cave spiders a green mold 27 gnomes a gecko 14 jackals 5 goblins 6 sewer rats a grid bug 2 lichens a kobold zombie 7 newts 119 creatures vanquished. Voluntary challenges: You used a wielded weapon 141 times, starting on turn 92. You read items or engraved 4 times, starting on turn 826. You never genocided any monsters. You never polymorphed an object. You never changed form. You used no wishes. You never split a pudding. You never wrote Elbereth's name. You violated your moral code, losing 22 points of alignment, starting on turn 3235. Dungeon overview: The Dungeons of Doom: levels 1 to 4 Level 1 some fountains a long staircase Level 2 Level 3 an armor shop, some fountains Level 4 a weapon shop, a fountain stairs to The Gnomish Mines The Gnomish Mines: levels 5 to 7 Level 5 stairs to The Dungeons of Doom Level 6 Level 7 <- You were here History has recorded: On T:1 you entered the Dungeons of Doom to retrieve the Amulet of Yendor! On T:417 you reached level 2 of The Dungeons of Doom. On T:774 you reached level 3 of The Dungeons of Doom. On T:801 you advanced to experience level 2. On T:907 you advanced to experience level 3. On T:1363 you reached level 4 of The Dungeons of Doom. On T:1446 you advanced to experience level 4. On T:1738 you reached level 1 of The Gnomish Mines. On T:1847 you advanced to experience level 5. On T:2824 you advanced to experience level 6. On T:2999 you reached level 2 of The Gnomish Mines. On T:3614 you reached level 3 of The Gnomish Mines. On T:4618 you advanced to experience level 7. Score breakdown: Gold: 1252 (10538 points) Experience: 7 levels (13645 points) Exploration: 7 levels ( 13.46%) (10289 points) Discoveries: 13 items ( 4.36%) ( 6265 points) Valuables value: (no points given unless you survive) Artifact value: 0 ( 0 points) Variety of kills: 40 monsters ( 10.50%) ( 9720 points) Turncount: 4950 turns (-1339 points) Survival: died (score multiplied by 80%) Total score: 39294 Latest messages: The large cat bites the kobold mummy. You displace your large cat. Your lantern is getting dim. You see here a rabid rat corpse. There are a few objects here. The kobold mummy hits! (2x) You throw 3 daggers. The 1st dagger hits the water nymph! The 2nd dagger hits the water nymph! The 3rd dagger hits the water nymph! Your lantern has run out of power. v - 3 daggers (in quiver). v - a dagger (in quiver). You hear some noises. You hear some noises in the distance. You stop running. The white unicorn butts! The white unicorn misses. The white unicorn butts! You die... Final status: Goodbye ElectroGuy the Rogue, killed by a white unicorn... You died in The Gnomish Mines on dungeon level 7 with 39294 points, and 1252 pieces of gold, after 4950 moves. You were level 7 with a maximum of 44 hit points when you died.